 Dungeon Crawl Stone Soup version 0.27-a0-1206-g6342a01c75 (webtiles) character file.

Game seed: 6314595899439523930

60 Glokmah the Firebug (level 4, 0/35 HPs)
             Began as a Hill Orc Fire Elementalist on June 5, 2021.
             Slain by a giant cockroach (1 damage)
             ... on level 2 of the Dungeon.
             The game lasted 00:03:23 (1602 turns).

Glokmah the Firebug (Hill Orc Fire Elementalist)    Turns: 1602, Time: 00:03:26

Health: 0/35       AC:  2    Str: 10    XL:     4   Next: 6%
Magic:  0/6        EV: 12    Int: 16    God:
Gold:   59         SH:  0    Dex: 11    Spells: 5/6 levels left

rFire    . . .     SeeInvis .   h - +2 scimitar (vamp)
rCold    . . .     Faith    .   (no shield)
rNeg     . . .     Spirit   .   a - +0 robe
rPois    .         Reflect  .   (no helmet)
rElec    .         Harm     .   (no cloak)
rCorr    +         Rampage  .   (no gloves)
Will     .....                  (no boots)
Stlth    ++........             (no amulet)
HPRegen  0.11/turn              f - ring of resist corrosion
MPRegen  0.10/turn              (no ring)

@: no status effects
A: no striking features
a: no special abilities


You were on level 2 of the Dungeon.
You visited 1 branch of the dungeon, and saw 2 of its levels.

You collected 59 gold pieces.

Inventory:

Hand Weapons
 e - a +0 whip
 h - a +2 vampiric scimitar (weapon)
Missiles
 d - 75 stones
Armour
 a - a +0 robe (worn)
Magical Staves
 b - a staff of cold
Jewellery
 f - a ring of resist corrosion (left hand)
Scrolls
 i - a scroll of enchant armour {unknown}
 j - a scroll of amnesia {unknown}
 k - a scroll of brand weapon {unknown}
Potions
 c - a potion of curing {unknown}
 g - a potion of brilliance {unknown}


   Skills:
 + Level 1.5 Fighting
 - Level 1.5 Dodging
 - Level 1.5 Stealth
 + Level 1.9 Spellcasting
 * Level 2.2 Conjurations
 * Level 4.1 Fire Magic


You had 5 spell levels left.
You knew the following spells:

 Your Spells              Type           Power      Damage    Failure   Level
a - Foxfire               Conj/Fire      44%        2x1d6     6%          1

Your spell library contained the following spells:

 Spells                   Type           Power      Damage    Failure   Level
 Conjure Flame            Conj/Fire      11%        6-21      17%         3
 Inner Flame              Hex/Fire       8%         N/A       26%         3
 Sticky Flame             Conj/Fire      11%        2d3       50%         4
 Fireball                 Conj/Fire      5%         3d5       85%         5


Dungeon Overview and Level Annotations

Branches:
Dungeon (2/15)

Altars:


Message History

Confirm with . or Enter, or press ? or * to list all spells.
You conjure some foxfire!
The giant cockroach misses you. The gnoll closely misses you.
Your foxfire dissipates!
The foxfire hits the giant cockroach but does no damage.
Casting: Foxfire (safe; 6% risk of failure)
Confirm with . or Enter, or press ? or * to list all spells.
You conjure some foxfire!
The giant cockroach bites you but does no damage. x2
The foxfire hits the giant cockroach but does no damage.
The foxfire hits the giant cockroach.
The giant cockroach is heavily wounded.
The giant cockroach bites you but does no damage.
You barely miss the giant cockroach.
The giant cockroach is heavily wounded.
The gnoll hits you from afar with a +0 halberd!
The giant cockroach bites you but does no damage.
The gnoll closely misses you. The giant cockroach closely misses you.
Casting: Foxfire (safe; 6% risk of failure)
Confirm with . or Enter, or press ? or * to list all spells.
You conjure some foxfire!
The giant cockroach misses you.
You riposte.
You barely miss the giant cockroach.
The giant cockroach is heavily wounded.
The gnoll misses you.
Your foxfire dissipates!
The foxfire hits the giant cockroach.
The giant cockroach is severely wounded.
The giant cockroach bites you but does no damage.
The gnoll hits you from afar with a +0 halberd.
The giant cockroach misses you.
You riposte.
You hit the giant cockroach.
The giant cockroach is almost dead.
Casting: Foxfire (safe; 6% risk of failure)
Confirm with . or Enter, or press ? or * to list all spells.
You conjure some foxfire!
The giant cockroach bites you but does no damage.
The gnoll hits you from afar with a +0 halberd!
* * * LOW HITPOINT WARNING * * *
The giant cockroach bites you.
You die...

...#.#.###.##...#)....#
...#.#†##..###........#
.....#<##.....#....<..###.
P..♣..........#...........#
..≈≈≈≈P...............####.
.≈≈♣≈≈♣.♣.....#g###.#..#
≈≈≈≈≈.≈.......#g# #..#....
≈≈≈≈♣....P..?.#B##♣♣.♣♣..>
≈≈♣.≈..P.######v@.♣ ≈P ....
..≈P..♣### #v.♣♣ ≈♣♣ ...
..♣..P# #..♣ ≈. ....###
♣♣♣♣ .... ###>


You could see 2 gnolls and a giant cockroach (ally target).

Vanquished Creatures
  2 gnolls
  An adder (D:2)
  2 dart slugs (D:1)
  An endoplasm (D:1)
  2 giant cockroaches (D:1)
  3 goblins
  4 hobgoblins (D:1)
  4 jackals
  A kobold (D:1)
  A quokka (D:2)
  2 ball pythons (D:1)
  A bat (D:2)
  A frilled lizard (D:1)
25 creatures vanquished.

Vanquished Creatures (collateral kills)
  A foxfire (D:2)
1 creature vanquished.

Vanquished Creatures (others)
  60 foxfires
  6 plants (D:2)
66 creatures vanquished.

Grand Total: 92 creatures vanquished

Notes
Turn   | Place    | Note
-------+----------+-------------------------------------------
     0 | D:1      | Glokmah the Hill Orc Fire Elementalist began the quest for
                  | the Orb.
     0 | D:1      | Reached XP level 1. HP: 14/14 MP: 3/3
   164 | D:1      | Reached XP level 2. HP: 7/22 MP: 0/4
   727 | D:1      | Reached skill level 1 in Fighting
   866 | D:1      | Reached XP level 3. HP: 14/28 MP: 5/5
  1417 | D:2      | Reached skill level 4 in Fire Magic
  1502 | D:2      | Reached XP level 4. HP: 35/35 MP: 0/6
  1602 | D:2      | HP: 1/35 [gnoll/+0 halberd (14)]
  1602 | D:2      | Slain by a giant cockroach

Illustrated notes

Levels and vault maps discovered:
D:1:      shiori_shiawase, layout_loops_ring, minmay_indecisive_spiral
D:2:      minmay_chambers_of_ones, layout_rooms, serial_bayou,
          serial_bayou_ford_a, serial_bayou_crossing, serial_bayou_pond_a,
          serial_bayou_pond_c, minmay_rat_gold_closets

Skill      XL: |  1  2  3 |
---------------+----------+-----
Fighting       | 1 |  1.5
Conjurations   | 2 |  2.2
Fire Magic     | 4 |  4.1
Dodging        | |  1.5
Stealth        | |  1.5
Spellcasting   | |  1.9

Action                   |  1- 3 |  4- 6 || total
-------------------------+-------+-------++-------
Melee: Scimitar          |    32 |     1 ||    33
 Cast: Foxfire           |    32 |     8 ||    40
Armor: Robe              |     4 |     6 ||    10
Dodge: Dodged            |    50 |     8 ||    58
       Rpst.: Scimitar   |    14 |     2 ||    16

Table legend: (Time is in decaauts)
 A = Elapsed time spent in this place.
 B = Non-inter-level travel time spent in this place.
 C = Inter-level travel time spent in this place.
 D = Time resting spent in this place.
 E = Time spent auto-exploring this place.
 F = Levels seen in this place.
 G = Mean time per level.
                   A        B        C        D        E       F      G
               +--------+--------+--------+--------+--------+-----+--------+
         Total |   1620 |   1443 |    177 |    287 |    821 |   2 |  810.0 |
       Dungeon |   1620 |   1443 |    177 |    287 |    821 |   2 |  810.0 |
               +--------+--------+--------+--------+--------+-----+--------+

Top non-repeatable levels by time:
     D:1: 1511 daAuts
     D:2: 109 daAuts
